 Dungeon Crawl Stone Soup version 0.25.0-9-g26727b657a (webtiles) character file.

Game seed: 6734134493637959275

83 funkygono the Firebug (level 4, -5/24 HPs)
             Began as a Gargoyle Fire Elementalist on June 17, 2020.
             Slain by a gnoll
             ... wielding a +0 club
              (8 damage)
             ... on level 2 of the Dungeon.
             The game lasted 00:03:59 (1325 turns).

funkygono the Firebug (Gargoyle Fire Elementalist)  Turns: 1325, Time: 00:04:00

Health: -5/24      AC:  5    Str: 11    XL:     4   Next: 44%
Magic:  2/8        EV: 11    Int: 17    God:
Gold:   60         SH:  3    Dex: 10    Spells: 7/8 levels left

rFire    . . .     SeeInvis .   e - +1 club
rCold    . . .     Gourm    .   f - +0 buckler
rNeg     + . .     Faith    .   a - +0 robe
rPois    ∞         Spirit   .   (no helmet)
rElec    +         Reflect  .   (no cloak)
rCorr    .         Harm     .   (no gloves)
MR       .....                  (no boots)
Stlth    ++........             (no amulet)
HPRegen  0.08/turn              (no ring)
MPRegen  0.11/turn              (no ring)

@: very slightly contaminated
A: negative energy resistance 1, electricity resistance, unbreathing,
petrification resistance, rot immunity, AC +3
a: no special abilities


You were on level 2 of the Dungeon.
You were not hungry.

You visited 1 branch of the dungeon, and saw 2 of its levels.

You collected 60 gold pieces.

Inventory:

Hand Weapons
 d - a +5 dagger of protection
 e - a +1 club (weapon)
Armour
 a - a +0 robe (worn)
 f - a +0 buckler (worn)
Scrolls
 b - a scroll of identify
Potions
 i - a potion of curing
Comestibles
 c - 3 rations
 h - 2 chunks of flesh


   Skills:
 + Level 0.7 Maces & Flails
 + Level 1.8 Dodging
 + Level 2.2 Stealth
 + Level 2.8 Spellcasting
 + Level 1.7 Conjurations
 + Level 4.0 Fire Magic


You had 7 spell levels left.
You knew the following spells:

 Your Spells              Type           Power        Failure   Level  Hunger
a - Foxfire               Conj/Fire      ##..         9%          1    #......

Your spell library contained the following spells:

 Spells                   Type           Power        Failure   Level  Hunger
 Conjure Flame            Conj/Fire      ##......     26%         3    ###....
 Inner Flame              Hex/Fire       #.......     36%         3    ###....
 Sticky Flame             Conj/Fire      ##......     65%         4    #####..
 Fireball                 Conj/Fire      ##........   94%         5    ######.


Dungeon Overview and Level Annotations

Branches:
Dungeon (2/15)

Altars:
Qazlal


Innate Abilities, Weirdness & Mutations

You are resistant to torment.
Your stone body is resilient. (AC +3)
You are immune to poison.
You resist negative energy. (rN+)
You are resistant to electric shocks. (rElec)
You can survive without breathing.
You are immune to petrification.
You are immune to rotting.


Message History

The bat moves out of view.
You barely miss the gnoll.
The gnoll is severely wounded.
The gnoll hits you with a +0 club.
* * * LOW HITPOINT WARNING * * *
You see here 23 arrows.
Casting: Foxfire (safe; 9% risk of failure)
Confirm with . or Enter, or press ? or * to list all spells.
You conjure some foxfire!
The gnoll hits you with a +0 club.
* * * LOW HITPOINT WARNING * * *
The foxfire hits the gnoll.
The gnoll is almost dead.
The foxfire hits the gnoll but does no damage.
The gnoll is almost dead.
Casting: Foxfire (safe; 9% risk of failure)
Confirm with . or Enter, or press ? or * to list all spells.
You conjure some foxfire!
The foxfire hits the gnoll but does no damage.
The gnoll hits you with a +0 club!
You die...

####### ...... #....
###...# .....# #...#
###.####...#######
...#....v.(.....#
#.#.##@g.#####.#
.##....<.g.# #.#
............#####g#
#.####.#.#......(.# #.#
#.)###.#####.# #.# ##.##
##.###..# #.# #.##
##.#.#)## #.####.###
#.#.#...#
#........##<..##.#.....#


You could see 2 gnolls.

Vanquished Creatures
  A bullfrog zombie (D:2)
  A gnoll (D:2)
  An adder (D:2)
  A dart slug (D:1)
  A leopard gecko (D:1)
  A giant cockroach (D:1)
  A goblin (D:1)
  4 hobgoblins (D:1)
  5 jackals (D:1)
  A quokka (D:2)
  A ball python (D:1)
  2 bats
  A frilled lizard (D:1)
  6 kobolds
  3 rats (D:1)
30 creatures vanquished.

Vanquished Creatures (others)
  66 foxfires
66 creatures vanquished.

Grand Total: 96 creatures vanquished

Notes
Turn   | Place    | Note
-------+----------+-------------------------------------------
     0 | D:1      | funkygono the Gargoyle Fire Elementalist began the quest
                  | for the Orb.
     0 | D:1      | Reached XP level 1. HP: 10/10 MP: 3/3
   377 | D:1      | Reached XP level 2. HP: 15/15 MP: 1/5
   890 | D:1      | Reached XP level 3. HP: 19/19 MP: 2/6
  1101 | D:2      | Found a stormy altar of Qazlal.
  1131 | D:2      | Reached XP level 4. HP: 14/24 MP: 1/8
  1295 | D:2      | Reached skill level 4 in Fire Magic
  1325 | D:2      | Slain by a gnoll

Illustrated notes

Levels and vault maps discovered:
D:1:      heliophobic_arrival_enchanted_forest, layout_rooms
D:2:      layout_loops_ring, grunt_qazlal_clouds, first_ration, uniq_sigmund

Skill      XL: |  1  2  3  4 |
---------------+-------------+-----
Fire Magic     | 4 |  4.0
Maces & Flails | |  0.7
Dodging        | |  1.8
Stealth        | |  2.2
Spellcasting   | |  2.8
Conjurations   | |  1.7

Action                   |  1- 3 |  4- 6 || total
-------------------------+-------+-------++-------
Melee: Club              |    70 |    14 ||    84
       Dagger            |     2 |       ||     2
       Unarmed           |     1 |       ||     1
 Cast: Foxfire           |    45 |    10 ||    55
  Use: Scroll            |     2 |       ||     2
  Eat: Chunk             |     1 |     1 ||     2
Armor: Robe              |    28 |     4 ||    32
Dodge: Dodged            |    63 |    13 ||    76
Block: Buckler           |     3 |       ||     3
